 Dungeon Crawl Stone Soup version 0.28-a0-628-g3c9886e45e (webtiles) character file.

Game seed: 18286502880963108968

28 AttackTheMoon the Sneak (level 3, -3/34 HPs)
             Began as a Kobold Delver on Oct 9, 2021.
             Killed by divine providence
             ... invoked by an orc priest
              (15 damage)
             ... on level 5 of the Dungeon.
             The game lasted 00:00:12 (77 turns).

AttackTheMoon the Sneak (Kobold Delver)               Turns: 77, Time: 00:00:12

Health: -3/34      AC: 21    Str:  9    XL:     3   Next: 27%
Magic:  3/3        EV:  3    Int: 11    God:
Gold:   0          SH:  0    Dex: 17    Spells: 2/2 levels left

rFire   . . .      SeeInvis .   a - +0 short sword
rCold   . . .      Faith    .   (shield restricted)
rNeg    . . .      Spirit   .   (armour currently unavailable)
rPois   +          Reflect  .   (helmet currently unavailable)
rElec   .          Harm     .   (cloak currently unavailable)
rCorr   .          Rampage  .   (gloves currently unavailable)
Will    .....      NoTele   +   (boots currently unavailable)
Stlth   ++........              (no amulet)
HPRegen 0.11/turn               (no ring)
MPRegen 0.08/turn               (no ring)

@: confused, tree-form
A: stationary, stasis, torment immunity, boosted hp, small, no large weapons,
nightstalker 3
a: no special abilities


You were on level 5 of the Dungeon.
You were a tree.
You visited 1 branch of the dungeon, and saw 1 of its levels.

Inventory:

Hand Weapons
 a - a +0 short sword (weapon)
Armour
 b - a +0 leather armour (melded)
Wands
 g - a wand of digging (3)
Scrolls
 c - a scroll of fog
 d - a scroll of magic mapping
 e - a scroll of fear
 i - a scroll of teleportation {unknown}
Potions
 f - a potion of haste


   Skills:
 + Level 3.6 Fighting
 + Level 3.3 Short Blades
 + Level 3.0 Dodging
 + Level 6.9 Stealth


You had 2 spell levels left.
You didn't know any spells.
Your spell library contained the following spells:

 Spells                   Type           Power      Damage    Failure   Level
 Dazzling Flash           Conj/Hex       0%         N/A       71%         3
 Agony                    Necr           0%         N/A       100%        5
 Silence                  Hex/Air        0%         N/A       100%        5


Dungeon Overview and Level Annotations

Branches:
Dungeon (5/15)
 Temple: D:4-7

Altars:


Innate Abilities, Weirdness & Mutations

You are a tree.
Your roots penetrate the ground, keeping you stationary.
You cannot be teleported.
You are immune to unholy pain and torment.
Your maximum health is greatly increased.
Your equipment is partially melded.
You are small and have problems with some larger weapons.
You are completely attuned to the shadows.


Message History

You add the spells Dazzling Flash, Agony and Silence to your library.
You open the door.
Found 14 sling bullets.
There is an open door here.
i - a scroll labelled DAPIAG VAUSEHA
There are no items here. 2 orcs and an orc wizard come into view.
The orc wizard is wielding a +0 dagger of flaming.
There are monsters nearby!
There are monsters nearby!
An orc priest comes into view. It is wielding a +0 dagger.
The orc shouts! x2; The orc wizard shouts!
The orc hits you but does no damage.
The orc priest shouts!
You hit the orc but do no damage. You hit the orc but do no damage.
The orc hits you but does no damage. x2
You hit the orc wizard but do no damage.
The orc barely misses you.
The orc priest begins to cast a cantrip, but forgets the words!
The orc hits you but does no damage.
The orc wizard points at you and mumbles some strange words.
You resist with significant effort.
You hit the orc wizard but do no damage.
The orc misses you. The orc priest misses you.
The orc wizard completely misses you. The orc misses you.
You hit the orc wizard.
The orc wizard is lightly wounded.
The orc completely misses you.
The orc priest invokes the aid of Beogh against you.
Beogh smites you!
Ouch! That really hurt!
The orc closely misses you. The orc wizard casts a spell at you.
You are confused.
It was a potion of lignification.
You turn into a tree.
Your +0 leather armour melds into your body.
Your roots penetrate the ground.
The orc hits you but does no damage.
The orc priest calls down the wrath of Beogh upon you.
Beogh smites you!
You die...

..(..# #.....
.....######.....
.....'..........
.....######.....
.....# #...... .....#
#...... .....#
#.....##
.....######'#...#
....o♣......#.#.##....
....ooo..........+....
.....#......#.#..#....
...#.#.####.#.##.#....
..#. .# #.#+##......
#.......####
#........# ......##
.......#


You could see an orc priest, an orc wizard and 2 orcs.

Vanquished Creatures
  A hound (D:5)
1 creature vanquished.

Notes
Turn   | Place    | Note
-------+----------+-------------------------------------------
     0 | D:5      | AttackTheMoon the Kobold Delver began the quest for the
                  | Orb.
     0 | D:5      | Reached XP level 1. HP: 14/14 MP: 1/1
    24 | D:5      | Noticed a hound
    28 | D:5      | Killed a hound
    29 | D:5      | Reached XP level 2. HP: 19/19 MP: 2/2
    29 | D:5      | Reached XP level 3. HP: 23/23 MP: 3/3
    77 | D:5      | Killed from afar by an orc priest

Illustrated notes

Levels and vault maps discovered:
D:5:      layout_basic, cheibrodos_ashenzari_chains

Skill      XL: |  1 |
---------------+----+-----
Short Blades   | 3 |  3.3
Dodging        | 3 |  3.0
Fighting       | |  3.6
Stealth        | |  6.9

Action                   || total
-------------------------++-------
Melee: Short sword       ||     6
  Use: Potion            ||     1
 Stab: Sleeping          ||     1
Armor: Leather armour    ||     4
       Skin              ||     1
Dodge: Dodged            ||     7

Table legend: (Time is in decaauts)
 A = Elapsed time spent in this place.
 B = Non-inter-level travel time spent in this place.
 C = Inter-level travel time spent in this place.
 D = Time resting spent in this place.
 E = Time spent auto-exploring this place.
 F = Levels seen in this place.
 G = Mean time per level.
                   A        B        C        D        E       F      G
               +--------+--------+--------+--------+--------+-----+--------+
         Total |     76 |     76 |      0 |      0 |     58 |   1 |   76.0 |
       Dungeon |     76 |     76 |      0 |      0 |     58 |   1 |   76.0 |
               +--------+--------+--------+--------+--------+-----+--------+

Top non-repeatable levels by time:
     D:5: 76 daAuts
